 Dungeon Crawl Stone Soup version 0.24.0-28-g17ded55e90 (webtiles) character file.

Game seed: 16600964029772066399, levelgen mode: deterministic

1122 Delamore the Cleaver (level 8, -3/64 HPs)
             Began as a Hill Orc Fighter on Nov 11, 2019.
             Was a High Priest of Jiyva.
             Slain by a yak (10 damage)
             ... on level 5 of the Dungeon.
             The game lasted 00:06:17 (3610 turns).

Delamore the Cleaver (Hill Orc Fighter)             Turns: 3610, Time: 00:06:17

Health: -3/64      AC: 12    Str: 20    XL:     8   Next: 35%
Magic:  8/8        EV:  8    Int:  9    God:    Jiyva [*****.]
Gold:   57         SH:  9    Dex: 10    Spells: 7/7 levels left

rFire    . . .     SeeInvis .   a - +0 war axe
rCold    . . .     Gourm    .   c - +0 shield
rNeg     . . .     Faith    .   b - +0 scale mail
rPois    .         Spirit   .   k - +2 helmet
rElec    .         Reflect  .   (no cloak)
rCorr    +         Harm     .   m - +0 pair of gloves
MR       .....                  (no boots)
Stlth    ..........             (no amulet)
HPRegen  0.20/turn              (no ring)
MPRegen  0.11/turn              (no ring)

@: no status effects
A: gelatinous body 1, jelly absorbing missiles
a: Request Jelly, Slimify, Cure Bad Mutation, Renounce Religion


You were on level 5 of the Dungeon.
You worshipped Jiyva.
Jiyva was extremely pleased with you.
You were very full.

You visited 1 branch of the dungeon, and saw 5 of its levels.

You collected 57 gold pieces.

Inventory:

Hand Weapons
 a - a +0 war axe (weapon)
Armour
 b - a +0 scale mail (worn)
 c - a +0 shield (worn)
 k - a +2 helmet (worn)
 m - a +0 pair of gloves (worn)
Scrolls
 e - 3 scrolls of identify
 h - a scroll of remove curse
 j - a scroll of immolation {unknown}
 l - a scroll of fog {unknown}
Potions
 d - a potion of might
 g - a potion of curing
 i - 2 potions of invisibility {unknown}
 n - a potion of magic {unknown}
Comestibles
 f - 3 rations


   Skills:
 - Level 3.6 Fighting
 + Level 12.4 Axes
 - Level 3.2 Armour
 - Level 3.2 Shields


You had 7 spell levels left.
You didn't know any spells.
Your spell library was empty.

Dungeon Overview and Level Annotations

Branches:
Dungeon (5/15)             Temple (0/1) D:4

Altars:
Nemelex Xobeh
Xom
The Shining One
Jiyva

Shops:
D:4 :


Innate Abilities, Weirdness & Mutations

Your rubbery body absorbs attacks. (AC +1, EV +1)
You have a small jelly attached to you that may absorb incoming projectiles.


Message History

You kill the yak!
Unknown command.
You slash the yak!
You kill the yak!
Your Axes skill increases to level 12!
You closely miss the yak. You block the yak's attack.
You slash the yak!
The yak is moderately wounded.
The yak gores you!
* * * LOW HITPOINT WARNING * * *
You hit the yak but do no damage.
The yak is moderately wounded.
The yak gores you but does no damage.
You hit the yak but do no damage.
The yak is moderately wounded.
The yak gores you but does no damage.
You hit the yak but do no damage.
The yak is moderately wounded.
The yak gores you!
You die...

#.# #.##.# ##.## #.# ####.## ###
##.## #...####### J...#
#...#.§.§.§# ## ##..#
+...'...._.# #. ##..##
#...#.§.§.§# #. .....#
#...####### #.
..#..##############.############.
................@Y...........+...
.....##.#.......†###.....<...####
.....##.#.###..#.####.......## #.
.##..##.#.# #......###.....###...
.##..##.#.###......# ##...## #.#.
........#.#........# ##.## # #.
###.#####.#.#......#####.### #.
#.# #.#.#..............# #. #.#
#.#.#.#####.####.#.# #.#.


You could see a yak.

Vanquished Creatures
  Sigmund (D:5)
  2 yaks (D:5)
  Edmund (D:5)
  A sky beast (D:5)
  A phantom (D:4)
  An ogre (D:4)
  A howler monkey (D:4)
  A bullfrog skeleton (D:5)
  2 orc priests (D:4)
  An orc wizard (D:4)
  2 worker ants (D:4)
  2 adders (D:2)
  4 gnolls
  An ooze (D:1)
  An adder zombie (D:5)
  5 worms
  3 leopard geckos
  2 orcs
  5 ball pythons
  2 bats (D:2)
  3 giant cockroaches
  3 goblins
  7 hobgoblins
  2 jackals (D:4)
  A quokka (D:2)
  A frilled lizard (D:1)
  5 kobolds
  A leopard gecko skeleton (D:3)
  6 rats
68 creatures vanquished.

Vanquished Creatures (others)
  A slime creature (D:5)
  7 jellies
  3 scorpions
  A hound (D:5)
  2 centaur skeletons (D:4)
  An iguana (D:4)
  2 orc wizards (D:4)
  3 worker ants
  2 gnolls
  4 adders
  A shadow imp (D:5)
  An ooze (D:5)
  2 worms
  2 leopard geckos
  7 orcs (D:4)
  2 bats
  2 giant cockroaches (D:2)
  3 hobgoblins
  3 jackals
  A quokka (D:2)
  A frilled lizard (D:5)
  2 kobolds (D:2)
  A rat (D:2)
54 creatures vanquished.

Grand Total: 122 creatures vanquished

Notes
Turn   | Place    | Note
-------+----------+-------------------------------------------
     0 | D:1      | Delamore the Hill Orc Fighter began the quest for the Orb.
     0 | D:1      | Reached XP level 1. HP: 19/19 MP: 1/1
    28 | D:1      | Reached skill level 3 in Axes
    70 | D:1      | Found a shimmering altar of Xom.
    73 | D:1      | Reached XP level 2. HP: 17/26 MP: 2/2
   225 | D:1      | Reached skill level 4 in Axes
   370 | D:1      | Reached XP level 3. HP: 24/31 MP: 3/3
   701 | D:2      | Reached skill level 5 in Axes
   723 | D:2      | Found a faded altar of an unknown god.
   735 | D:2      | Became a worshipper of Jiyva Jecumaq the Shapeless
   735 | D:2      | Reached * piety under Jiyva
   748 | D:2      | Reached XP level 4. HP: 39/39 MP: 4/4
   797 | D:2      | Reached skill level 6 in Axes
   933 | D:2      | Reached ** piety under Jiyva
  1108 | D:2      | Reached *** piety under Jiyva
  1108 | D:2      | Gained mutation: You have a pair of small horns on your
                  | head. [Jiyva's grace]
  1591 | D:3      | Lost mutation: You have a pair of small horns on your head.
                  | [Jiyva's grace]
  1598 | D:3      | Reached **** piety under Jiyva
  1622 | D:3      | Gained mutation: Your rubbery body absorbs attacks. (AC +1,
                  | EV +1) [Jiyva's grace]
  1683 | D:3      | You fall into a shaft and drop 2 floors!
  1683 | D:5      | Entered Level 5 of the Dungeon
  1805 | D:5      | Found a glowing golden altar of the Shining One.
  1847 | D:5      | Noticed a yak
  1847 | D:5      | Noticed a yak
  1847 | D:5      | Noticed a yak
  1847 | D:5      | Noticed a yak
  1859 | D:5      | Slimified a yak
  1859 | D:5      | Noticed a slime creature
  1859 | D:5      | a yak changed into a slime creature
  1862 | D:5      | Killed a slime creature
  1862 | D:5      | Reached skill level 7 in Axes
  1862 | D:5      | Reached XP level 5. HP: 9/45 MP: 1/5
  1909 | D:4      | Gained mutation: You are partially covered in molten
                  | scales. (AC +2) [Jiyva's grace]
  1960 | D:4      | Reached ***** piety under Jiyva
  2172 | D:4      | Found a staircase to the Ecumenical Temple.
  2183 | D:4      | Noticed an ogre
  2212 | D:4      | Reached skill level 8 in Axes
  2212 | D:4      | Reached XP level 6. HP: 48/51 MP: 6/6
  2329 | D:4      | Found a sparkling altar of Nemelex Xobeh.
  2387 | D:4      | Found Tomaint's Book Emporium.
  2400 | D:4      | Reached skill level 9 in Axes
  2406 | D:4      | Gained mutation: You have a small jelly attached to you
                  | that may absorb incoming projectiles. [Jiyva's grace]
  2596 | D:4      | Noticed a phantom
  2610 | D:4      | Killed a phantom
  2610 | D:4      | Reached XP level 7. HP: 54/57 MP: 7/7
  2979 | D:5      | Noticed Sigmund
  2991 | D:5      | Killed Sigmund
  2991 | D:5      | Reached skill level 10 in Axes
  2992 | D:5      | Lost mutation: You are partially covered in molten scales.
                  | (AC +2) [Jiyva's grace]
  3077 | D:5      | Reached skill level 11 in Axes
  3329 | D:5      | Noticed Edmund
  3341 | D:5      | Killed Edmund
  3341 | D:5      | Reached XP level 8. HP: 45/64 MP: 8/8
  3605 | D:5      | Killed a yak
  3606 | D:5      | Killed a yak
  3606 | D:5      | Reached skill level 12 in Axes
  3610 | D:5      | Slain by a yak

Levels and vault maps discovered:
D:1:      dpeg_arrival_renting, layout_basic, xom_teletrap_fun
D:2:      layout_basic, chequers_ecumenical_altar_simple_redux,
          minmay_quadrilaterals
D:3:      layout_basic, first_ration, cheibriados_altar_1
D:4:      layout_loops_ring, nemelex_xobeh_ov_fountains_minmay,
          minmay_temple_entry_glassed_door, serial_shops, shop, st_stairs_14
D:5:      layout_loops_corners, grunt_temple_overflow_holy_war,
          hangedman_decor_lopped, uniq_edmund, uniq_sigmund

Skill      XL: |  1  2  3  4  5  6  7  8 |
---------------+-------------------------+-----
Axes           | 3 4 5 7 8 9 11 12 | 12.4
Fighting       | |  3.6
Armour         | |  3.2
Shields        | |  3.2

Action                   |  1- 3 |  4- 6 |  7- 9 || total
-------------------------+-------+-------+-------++-------
Melee: War axe           |    65 |   139 |    69 ||   273
       Headbutt          |       |     3 |       ||     3
Invok: Request Jelly     |       |     5 |       ||     5
       Slimify           |       |     1 |       ||     1
  Use: Scroll            |       |     2 |       ||     2
Armor: Scale mail        |    22 |    57 |    25 ||   104
Dodge: Dodged            |    21 |    44 |    18 ||    83
Block: Shield            |    33 |    71 |    24 ||   128
